 Dungeon Crawl Stone Soup version 0.30-a0-723-gc1506a1cf0 (webtiles) character file.

Game seed: 2157498262801877357

52 ASSMAN the Covert (level 3, -1/28 HPs)
             Began as a Vampire Delver on Jan 29, 2023.
             Succumbed to a scorpion's poison
             ... on level 4 of the Dungeon.
             The game lasted 00:00:38 (224 turns).

ASSMAN the Covert (Vampire Delver)                   Turns: 224, Time: 00:00:40

Health: -1/28      AC:  3    Str: 11    XL:     3   Next: 60%
Magic:  3/3        EV: 12    Int: 12    God:
Gold:   22         SH:  0    Dex: 17    Spells: 2/2 levels left

rFire   . . .      SeeInvis +    a - +0 short sword
rCold   . . .      Faith    .    (no shield)
rNeg    . . .      Spirit   .    b - +0 leather armour
rPois   .          Reflect  .    (no helmet)
rElec   .          Harm     .    (no cloak)
rCorr   .          Rampage  .    (no gloves)
Will    .....                    (no boots)
Stlth   ++++                     (no amulet)
HPRegen 0.44/turn                (no ring)
MPRegen 0.08/turn                (no ring)

@: lethally poisoned (-1 -> -11), attractive, healing quickly, hasted, very
quick
A: alive, fangs 3, see invisible, vampiric 2
a: Exsanguinate


You were on level 4 of the Dungeon.
You visited 1 branch of the dungeon, and saw 2 of its levels.

You collected 22 gold pieces.

Inventory:

Hand Weapons
 a - a +0 short sword (weapon)
Armour
 b - a +0 leather armour (worn)
Wands
 g - a wand of digging (3)
 i - a wand of charming (9)
Scrolls
 c - a scroll of fog
 d - a scroll of magic mapping
 e - a scroll of fear
 h - a scroll of acquirement {unknown}


   Skills:
 - Level 2.6 Fighting
 - Level 2.1 Short Blades
 - Level 2.1 Dodging
 + Level 9.2 Stealth


You had 2 spell levels left.
You didn't know any spells.
Your spell library was empty.

Dungeon Overview and Level Annotations

Branches:
Dungeon (5/15)
 Temple: D:4-7

Altars:


Innate Abilities, Weirdness & Mutations

Your natural rate of healing is accelerated.
You have razor-sharp teeth.
You have supernaturally acute eyesight. (SInv)
You are afflicted with vampirism and can become a bat while bloodless.


Message History

You kill the jackal!
You hit the jackal.
The jackal is severely wounded.
The jackal bites you.
The jackal bites you but does no damage.
You hit the jackal.
You kill the jackal!
You hit the scorpion but do no damage. The scorpion closely misses you.
You hit the scorpion.
The scorpion is lightly wounded.
The scorpion closely misses you.
You hit the scorpion but do no damage.
The scorpion is lightly wounded.
The scorpion closely misses you. The scorpion stings you.
You hit the scorpion but do no damage.
The scorpion is lightly wounded.
The scorpion barely misses you.
You hit the scorpion but do no damage. Your bite misses the scorpion.
The scorpion is lightly wounded.
The scorpion stings you.
You are poisoned.
The scorpion poisons you!
You hit the scorpion but do no damage. Your bite misses the scorpion.
The scorpion is lightly wounded.
You feel very sick. The scorpion stings you.
It was a potion of attraction.
You feel attractive to monsters.
You feel sick. The scorpion stings you!
* * * LOW HITPOINT WARNING * * *
You are lethally poisoned!
The scorpion poisons you!
You feel yourself speed up.
* * * LOW HITPOINT WARNING * * *
You feel very sick. The scorpion stings you.
* * * LOW HITPOINT WARNING * * *
* * * LOW HITPOINT WARNING * * *
You feel sick.
You die...

#s##.##..#
#..#.....###
#...........
####.#h####.
#....# ..# #†####
###..# #.# #s#
..... #.# #.# ...#
#.# #@# ...# #.#
#.# ...# ..# #.#
...# #.# #.# ...#
#.# #.#
.########.######.#
........†........#
##################


You could see a scorpion.

Vanquished Creatures
  An iguana (D:5)
  An adder (D:5)
  A white imp (D:5)
  A worm (D:4)
  A hobgoblin (D:4)
  4 jackals (D:4)
9 creatures vanquished.

Notes
Turn   | Place    | Note
-------+----------+-------------------------------------------
     0 | D:5      | ASSMAN the Vampire Delver began the quest for the Orb.
     0 | D:5      | Reached XP level 1. HP: 17/17 MP: 1/1
    51 | D:5      | Noticed an iguana
    53 | D:5      | Killed an iguana
    54 | D:5      | Reached skill level 8 in Stealth
    54 | D:5      | Reached XP level 2. HP: 23/23 MP: 2/2
    59 | D:5      | Gained mutation: You are afflicted with vampirism and can
                  | become a bat while bloodless. [Vampire growth]
    59 | D:5      | Reached XP level 3. HP: 28/28 MP: 3/3
    67 | D:5      | Reached skill level 9 in Stealth
   185 | D:4      | Noticed a scorpion
   223 | D:4      | HP: 1/28 [poisoned by a scorpion]
   224 | D:4      | Succumbed to a scorpion's poison

Illustrated notes

Levels and vault maps discovered:
D:4:      layout_loops_ring, minmay_temple_entry_proselytizer, minmay_rat_hole,
          uniq_duvessa, uniq_edmund, uniq_eustachio
D:5:      layout_loops_corners, saegor_snake_ambush, uniq_ijyb

Skill      XL: |  1  2  3 |
---------------+----------+-----
Stealth        | 8 9 |  9.2
Fighting       | |  2.6
Short Blades   | |  2.1
Dodging        | |  2.1

Action                     || total
---------------------------++-------
  Melee: Short sword       ||    35
    Use: Potion            ||     2
   Stab: Sleeping          ||     5
 Armour: Leather armour    ||     5
  Dodge: Dodged            ||    22

Table legend: (Time is in decaauts)
 A = Elapsed time spent in this place.
 B = Non-inter-level travel time spent in this place.
 C = Inter-level travel time spent in this place.
 D = Time resting spent in this place.
 E = Time spent auto-exploring this place.
 F = Levels seen in this place.
 G = Mean time per level.
                   A        B        C        D        E       F      G
               +--------+--------+--------+--------+--------+-----+--------+
         Total |    220 |    217 |      3 |      0 |    141 |   2 |  110.0 |
       Dungeon |    220 |    217 |      3 |      0 |    141 |   2 |  110.0 |
               +--------+--------+--------+--------+--------+-----+--------+

Top non-repeatable levels by time:
     D:4: 150 daAuts
     D:5: 69 daAuts
